 Dungeon Crawl Stone Soup version 0.14.1-24-gbdbe590 (webtiles) character file.

392 Kenran the Insei (level 5, 0/41 HPs)
             Began as a Merfolk Monk on June 19, 2014.
             Slain by an ice beast (7 damage)
             ... on Level 4 of the Dungeon.
             The game lasted 00:10:33 (2496 turns).

Kenran the Insei (Merfolk Monk)                     Turns: 2496, Time: 00:10:33

HP   0/41        AC  6     Str 12      XL: 5   Next: 30%
MP   5/5         EV 14     Int  9      God:
Gold 244         SH  0     Dex 17      Spells:  0 memorised,  4 levels left

rFire  . . .     SeeInvis .       - Unarmed
rCold  . . .     Clarity  .     k - +1 robe
rNeg   . . .     Conserve .     (no shield)
rPois  .         rCorr    .     m - +2 helmet
rElec  .         rRot     .     (no cloak)
SustAb . .       Spirit   .     (no gloves)
rMut   .         Warding  .     (no boots)
Saprov . . .     Stasis   .     (no amulet)
MR     +....                    (no ring)
                                n - ring of protection from magic

@: somewhat resistant to hostile enchantments, fairly stealthy
A: change form in water, swift swim
a: no special abilities


You were on level 4 of the Dungeon.
You were not hungry.

You visited 1 branch of the dungeon, and saw 4 of its levels.

You collected 244 gold pieces.

Inventory:

Armour
 k - a +1 robe (worn)
 m - a +2 helmet (worn)
Comestibles
 b - 3 bread rations
 g - 2 meat rations
Scrolls
 e - 4 scrolls of identify
 l - a scroll of magic mapping
Jewellery
 h - an uncursed amulet of faith
 n - a ring of protection from magic (left hand)
Potions
 a - a potion of restore abilities {unknown}
 c - 3 potions of curing
 d - 2 potions of agility
 j - a potion of cure mutation


   Skills:
 - Level 3.2 Fighting
 - Level 4.0 Dodging
 - Level 2.1 Stealth
 + Level 7.0 Unarmed Combat


You had 4 spell levels left.
You didn't know any spells.

Dungeon Overview and Level Annotations

Branches:
Dungeon (4/15)
 Temple: D:4-7

Altars:
Fedhas
Vehumet


Message History

An orc wizard comes into view. It is wielding a runed dagger.
The ogre completely misses you. The ogre misses you.
The worm closely misses you. The worm barely misses you.
The orc priest calls down the wrath of Beogh upon you.
Something smites you!
An ice beast comes into view.
The ice beast barely misses you.
The ice beast hits you but does no damage.
The orc priest's eyes start to glow.
The orc priest prays to Beogh.
You feel troubled. The ogre hits you with a giant club!
Ouch! That really hurt!
* * * LOW HITPOINT WARNING * * *
The ice beast hits you.
* * * LOW HITPOINT WARNING * * *
The ice beast freezes you!
You die...

. #........# #.
#.#####..###+##.. #.
#.# #.....O.... #. #.#
#.#####.... #. #.# #.#
.... #.####.# #.# ..%.
#......# #.# #....
#......# #.# #....
#.<..@.# #.# #....
#.....I#####.# #....
#......O.....#####....
#........o............
#.#######.............
#. #............. #.
#............. #.
#...#######... . #...#
#...


You could see an ice beast, an ogre and an orc.

Vanquished Creatures
  A centaur (D:3)
  4 giant geckos
  An ooze (D:2)
  6 orcs (D:3)
  A giant cockroach (D:2)
  9 hobgoblins
  A ball python (D:2)
  4 bats
  A giant newt (D:3)
  6 goblins
  13 kobolds
  8 rats
  A plant (D:3)
56 creatures vanquished.

Vanquished Creatures (others)
  A bush (D:3)
1 creature vanquished.

Grand Total: 57 creatures vanquished

Notes
Turn   | Place    | Note
--------------------------------------------------------------
     0 | D:1      | Kenran, the Merfolk Monk, began the quest for the Orb.
     0 | D:1      | Reached XP level 1. HP: 18/18 MP: 1/1
   201 | D:1      | Reached XP level 2. HP: 21/24 MP: 2/2
   231 | D:1      | Reached skill level 5 in Unarmed Combat
  1000 | D:2      | Reached XP level 3. HP: 20/29 MP: 3/3
  1721 | D:3      | Found a blossoming altar of Fedhas.
  1721 | D:3      | Noticed a centaur
  1919 | D:3      | Found a radiant altar of Vehumet.
  2026 | D:3      | Killed a centaur
  2026 | D:3      | Reached skill level 6 in Unarmed Combat
  2026 | D:3      | Reached XP level 4. HP: 30/35 MP: 4/4
  2026 | D:3      | Reached XP level 5. HP: 35/41 MP: 5/5
  2243 | D:3      | Reached skill level 7 in Unarmed Combat
  2428 | D:4      | Noticed an ogre
  2473 | D:4      | Noticed an ice beast
  2496 | D:4      | Slain by an ice beast

Action                   |  1- 3 |  4- 6 || total
-------------------------+-------+-------++-------
Melee: Unarmed           |   152 |    61 ||   213
  Use: Scroll            |     8 |     2 ||    10
 Stab: Sleeping          |     2 |       ||     2
       Distracted        |     1 |       ||     1
